 Dungeon Crawl Stone Soup version 0.29-a0-517-gbdf32494f2 (webtiles) character file.

Game seed: 16817490415540161506

443 siradein the Skirmisher (level 7, 0/55 HPs)
             Began as a Human Fighter on May 31, 2022.
             Slain by an iguana (3 damage)
             ... on level 4 of the Dungeon.
             The game lasted 00:10:20 (4204 turns).

siradein the Skirmisher (Human Fighter)             Turns: 4204, Time: 00:10:21

Health: 0/55       AC: 14    Str: 16    XL:     7   Next: 23%
Magic:  7/7        EV:  6    Int:  9    God:
Gold:   208        SH:  5    Dex: 14    Spells: 6/6 levels left

rFire   . . .      SeeInvis .   a - +0 long sword
rCold   . . .      Faith    .   c - +0 buckler
rNeg    . . .      Spirit   .   p - +0 chain mail
rPois   .          Reflect  .   (no helmet)
rElec   .          Harm     .   (no cloak)
rCorr   .          Rampage  .   u - +0 pair of gloves
Will    .....                   h - +2 pair of boots
Stlth   ..........              (no amulet)
HPRegen 0.18/turn               (no ring)
MPRegen 0.10/turn               (no ring)

@: studying Dodging
A: no striking features
a: no special abilities


You were on level 4 of the Dungeon.
You visited 1 branch of the dungeon, and saw 4 of its levels.

You collected 208 gold pieces.

Inventory:

Hand Weapons
 a - a +0 long sword (weapon)
Missiles
 f - 182 stones (quivered)
 q - 3 poisoned darts
Armour
 c - a +0 buckler (worn)
 e - +0 steam dragon scales
 h - a +2 pair of boots (worn)
 p - a +0 chain mail (worn)
 u - a +0 pair of gloves (worn)
Jewellery
 n - a ring of magical power
Wands
 g - a wand of acid (7)
 t - a wand of polymorph (4)
Scrolls
 j - a scroll of poison {unknown}
 k - 4 scrolls of blinking {unknown}
 l - 2 scrolls of magic mapping
 m - a scroll of teleportation {unknown}
 s - a scroll of immolation {unknown}
Potions
 d - 2 potions of might
 i - a potion of curing {unknown}
 o - a potion of haste {unknown}
 r - a potion of cancellation


   Skills:
 + Level 4.6 Fighting
 + Level 4.0 Long Blades
 + Level 4.5 Armour
 + Level 4.5 Shields


You had 6 spell levels left.
You didn't know any spells.
Your spell library was empty.

Dungeon Overview and Level Annotations

Branches:
Dungeon (4/15)
 Temple: D:4-7

Altars:


Message History

The hobgoblin is almost dead.
The hobgoblin hits you.
You barely miss the hobgoblin.
The hobgoblin is almost dead.
The hobgoblin barely misses you.
You hit the hobgoblin but do no damage.
The hobgoblin is almost dead.
The hobgoblin hits you but does no damage.
As you read the scroll of magic mapping, it crumbles to dust.
You feel aware of your surroundings.
You sensed 1 shop/portal.
The hobgoblin hits you.
You slash the hobgoblin!
You kill the hobgoblin!
Your Long Blades skill increases to level 4!
You hear the rapid hiss of a distant avalanche of sand.
Found a silvery potion.
Found 22 stones.
Found a stone staircase leading down.
An iguana comes into view.
An ogre comes into view. It is wielding a +0 giant club.
Found a leather armour.
The ogre shouts!
Found 31 stones.
The ogre barely misses you. The iguana completely misses you.
The iguana bites you but does no damage.
The iguana attacks as you move away! You block the iguana's attack.
The iguana attacks as you move away! The iguana barely misses you.
The ogre attacks as you move away! The ogre hits you with a +0 giant club!
The ogre attacks as you move away!
The ogre hits you with a +0 giant club!!
* * * LOW HITPOINT WARNING * * *
The iguana attacks as you move away! The iguana bites you.
* * * LOW HITPOINT WARNING * * *
You hear the rapid hiss of an avalanche of sand.
The iguana attacks as you move away! The iguana barely misses you.
An ogre opens the door.
The iguana hisses menacingly.
The iguana bites you.
You die...

*,,,,.........#,,,+
#.,,*#........#,,,#
#.,,,,........#,,,#
#.,,*+*.......#+###
#.,,*,*,..#.>......
#.***,**#.#........
#.*,,,,,#.#........
#.###,###..........
#.@.#∩#............
#..l###...#....(...
#...O.O.........###
##....'...[.....#,,
#....#.........#,,
#....#.........#,,
######.........#**
##########*


You could see an ogre and an iguana.

Vanquished Creatures
  2 centaurs (D:4)
  A scorpion (D:4)
  An orc priest (D:4)
  An orc wizard (D:4)
  Ijyb (D:3)
  A gnoll (D:1)
  5 adders
  6 dart slugs
  An orc (D:4)
  7 ball pythons
  3 bats
  4 endoplasms
  2 giant cockroaches (D:1)
  4 goblins
  7 hobgoblins
  11 jackals
  11 kobolds
  2 quokkas (D:2)
  4 frilled lizards
  5 rats
79 creatures vanquished.

Notes
Turn   | Place    | Note
-------+----------+-------------------------------------------
     0 | D:1      | siradein the Human Fighter began the quest for the Orb.
     0 | D:1      | Reached XP level 1. HP: 18/18 MP: 1/1
   162 | D:1      | Reached XP level 2. HP: 17/24 MP: 2/2
   310 | D:1      | Found a faded altar of an unknown god.
   418 | D:1      | Reached XP level 3. HP: 25/29 MP: 3/3
  1410 | D:2      | Reached XP level 4. HP: 34/35 MP: 4/4
  2367 | D:2      | Reached XP level 5. HP: 34/42 MP: 5/5
  3008 | D:3      | Noticed Ijyb
  3033 | D:3      | Killed Ijyb
  3444 | D:3      | Identified the +0 robe "Surunutyc" {rN+ Int+2}
  3677 | D:4      | Reached XP level 6. HP: 33/48 MP: 6/6
  3744 | D:4      | Reached XP level 7. HP: 23/55 MP: 7/7
  4200 | D:4      | HP: 2/55 [iguana (4)]
  4204 | D:4      | Slain by an iguana

Illustrated notes

Levels and vault maps discovered:
D:1:      saegor_arrival_under_anarchy, layout_loops_ring,
          ebering_ecumenical_altar_mist
D:2:      layout_basic, minmay_divided_ellipse
D:3:      layout_rooms, kennysheep_cluttered_room, uniq_ijyb
D:4:      layout_gridville, nicolae_ossuary_entry_plus, fountainhead,
          minmay_manual_mares

Skill      XL: |  1  2  3  4  5  6  7 |
---------------+----------------------+-----
Long Blades    | 3 4 |  4.0
Fighting       | 4 |  4.6
Armour         | 4 |  4.5
Shields        | 4 |  4.5

Action                   |  1- 3 |  4- 6 |  7- 9 || total
-------------------------+-------+-------+-------++-------
Melee: Long sword        |    84 |   183 |    41 ||   308
  Use: Scroll            |       |     4 |     1 ||     5
       Potion            |       |     1 |       ||     1
 Stab: Sleeping          |     1 |       |       ||     1
Armor: Steam dragon scal |    30 |    34 |       ||    64
       Chain mail        |       |   134 |    48 ||   182
Dodge: Dodged            |    44 |    88 |    17 ||   149
Block: Buckler           |    16 |    56 |    11 ||    83

Table legend: (Time is in decaauts)
 A = Elapsed time spent in this place.
 B = Non-inter-level travel time spent in this place.
 C = Inter-level travel time spent in this place.
 D = Time resting spent in this place.
 E = Time spent auto-exploring this place.
 F = Levels seen in this place.
 G = Mean time per level.
                   A        B        C        D        E       F      G
               +--------+--------+--------+--------+--------+-----+--------+
         Total |   4295 |   4163 |    132 |    653 |   2346 |   4 | 1073.8 |
       Dungeon |   4295 |   4163 |    132 |    653 |   2346 |   4 | 1073.8 |
               +--------+--------+--------+--------+--------+-----+--------+

Top non-repeatable levels by time:
     D:2: 1701 daAuts
     D:1: 1341 daAuts
     D:3: 957 daAuts
     D:4: 294 daAuts
